 Dungeon Crawl Stone Soup version 0.25.0-9-g26727b657a (webtiles) character file.

Game seed: 1921157296804326093

1108 protoss039 the Thaumaturge (level 8, -3/41 HPs)
             Began as a Deep Elf Fire Elementalist on June 20, 2020.
             Was a Follower of Vehumet.
             Killed by nerve-wracking pain
             ... invoked by an orc priest
              (13 damage)
             ... on level 6 of the Dungeon.
             The game lasted 00:08:39 (3967 turns).

protoss039 the Thaumaturge (DEFE)                   Turns: 3967, Time: 00:08:39

Health: -3/41      AC:  4    Str:  5    XL:     8   Next: 11%
Magic:  12/22      EV: 13    Int: 23    God:    Vehumet [*.....]
Gold:   341        SH:  0    Dex: 15    Spells: 16/23 levels left

rFire    . . .     SeeInvis .   z - +3 quarterstaff (vorpal)
rCold    . . .     Gourm    .   (shield currently unavailable)
rNeg     . . .     Faith    .   a - +0 robe
rPois    .         Spirit   .   (no helmet)
rElec    .         Reflect  .   (no cloak)
rCorr    .         Harm     .   y - +0 pair of gloves
MR       .....                  p - +0 pair of boots
Stlth    ++........             (no amulet)
HPRegen  0.13/turn              (no ring)
MPRegen  0.18/turn              (no ring)

@: stab
A: no striking features
a: Renounce Religion


You were on level 6 of the Dungeon.
You worshipped Vehumet.
Vehumet was aware of your devotion.
You were not hungry.

You visited 1 branch of the dungeon, and saw 6 of its levels.

You collected 341 gold pieces.

Inventory:

Hand Weapons
 s - a +0 dagger
 z - a +3 vorpal quarterstaff (weapon)
Armour
 a - a +0 robe (worn)
 p - a +0 pair of boots (worn)
 y - a +0 pair of gloves (worn)
Jewellery
 j - an uncursed amulet of reflection {unknown}
 u - an uncursed amulet of reflection {unknown}
 C - an uncursed amulet of reflection {unknown}
Wands
 w - a wand of random effects (17)
Scrolls
 b - a scroll of fear {unknown}
 d - 6 scrolls of identify {unknown}
 e - a scroll of fog {unknown}
 g - a scroll of random uselessness {unknown}
 h - 2 scrolls of amnesia {unknown}
 i - 2 scrolls of enchant armour {unknown}
 k - a scroll of noise {unknown}
 n - 5 scrolls of remove curse {unknown}
 o - 3 scrolls of teleportation {unknown}
Potions
 f - 2 potions of stabbing
 l - a potion of flight {unknown}
 m - 2 potions of might {unknown}
 q - a potion of curing {unknown}
 r - a potion of heal wounds {unknown}
 t - a potion of mutation {unknown}
 v - a potion of magic {unknown}
 x - a potion of lignification {unknown}
 A - a potion of cancellation {unknown}
Comestibles
 c - 9 rations
 B - 2 chunks of flesh


   Skills:
 + Level 0.2 Fighting
 - Level 0.2 Short Blades
 - Level 2.4 Dodging
 + Level 3.2 Stealth
 * Level 8.3 Spellcasting
 + Level 6.3 Conjurations
 + Level 5.7 Fire Magic


You had 16 spell levels left.
You knew the following spells:

 Your Spells              Type           Power        Failure   Level  Hunger
a - Foxfire               Conj/Fire      ####         1%          1    None
b - Conjure Flame         Conj/Fire      #####...     1%          3    None
c - Inner Flame           Hex/Fire       ###.....     6%          3    None

Your spell library contained the following spells:

 Spells                   Type           Power        Failure   Level  Hunger
 Magic Dart               Conj           ####         1%          1    None
 Sticky Flame             Conj/Fire      #####...     5%          4    ##.....
 Fireball                 Conj/Fire      #####.....   16%         5    #####..


Dungeon Overview and Level Annotations

Branches:
Dungeon (5/15)             Temple (0/1) D:4

Altars:
Hepliaklqana
Nemelex Xobeh
Vehumet
Xom


Message History

Here: an orc warrior, wielding a +0 morningstar and wearing a +0 plate armour (almost dead)
The floor.
Press: ? - help, v - describe, . - travel
Here: an orc warrior, wielding a +0 morningstar and wearing a +0 plate armour (almost dead)
The floor.
Press: ? - help, v - describe, . - travel
Here: an orc priest, wielding a +0 club The floor.
Okay, then.
It was a potion of stabbing.
You feel ready to backstab.
The foxfire hits the orc warrior but does no damage.
The orc warrior is almost dead.
The foxfire hits the orc warrior but does no damage.
The orc warrior is almost dead.
The orc warrior hits you with a +0 morningstar!
* * * LOW HITPOINT WARNING * * *
The orc priest invokes the aid of Beogh against you.
Pain shoots through your body!
You die...

#...# #.# #
#...####.# .#
#...##...###.##
#.............## .
#..............#
#..##...............
#..........o.§.....#
#.†o...o@.....#
[..........o.§...##
##.#####.........#
#.).......#
#.........#
###.#.##### ....#
##....


You could see an orc warrior, an orc priest and 2 orcs.

Vanquished Creatures
  Sigmund (D:5)
  Menkaure (D:4)
  3 ogres
  A centaur (D:5)
  Blork the orc (D:4)
  A bullfrog (D:6)
  A howler monkey (D:5)
  A hound (D:3)
  A centaur zombie (D:5)
  An iguana (D:5)
  Ijyb (D:4)
  2 worker ants (D:5)
  4 gnolls (D:4)
  6 adders
  3 worms
  6 dart slugs
  3 leopard geckos
  An orc (D:3)
  3 giant cockroaches
  7 hobgoblins
  2 jackals (D:3)
  A kobold (D:3)
  2 quokkas
  2 ball pythons
  A ball python zombie (D:5)
  7 bats
  2 frilled lizards
  9 goblins
  A leopard gecko skeleton (D:3)
  3 rats
78 creatures vanquished.

Vanquished Creatures (collateral kills)
  A frilled lizard (D:3)
  A rat (D:3)
2 creatures vanquished.

Vanquished Creatures (others)
  381 foxfires
381 creatures vanquished.

Grand Total: 461 creatures vanquished

Notes
Turn   | Place    | Note
-------+----------+-------------------------------------------
     0 | D:1      | protoss039 the Deep Elf Fire Elementalist began the quest
                  | for the Orb.
     0 | D:1      | Reached XP level 1. HP: 10/10 MP: 6/6
   185 | D:1      | Reached XP level 2. HP: 15/15 MP: 2/8
   952 | D:2      | Reached XP level 3. HP: 19/19 MP: 3/10
   962 | D:2      | Learned a level 3 spell: Conjure Flame
  1393 | D:2      | Reached skill level 4 in Spellcasting
  1548 | D:2      | Found a shimmering altar of Xom.
  1549 | D:2      | Found a hazy altar of Hepliaklqana.
  1550 | D:2      | Noticed a spectral ugly thing
  1714 | D:3      | Found a radiant altar of Vehumet.
  1726 | D:3      | Became a worshipper of Vehumet
  1730 | D:3      | Reached XP level 4. HP: 24/24 MP: 4/12
  2262 | D:3      | Found a sparkling altar of Nemelex Xobeh.
  2565 | D:4      | Learned a level 3 spell: Inner Flame
  2597 | D:4      | Noticed an ogre
  2603 | D:4      | Killed an ogre
  2603 | D:4      | Reached XP level 5. HP: 28/28 MP: 9/14
  2689 | D:4      | Reached skill level 5 in Spellcasting
  2689 | D:4      | Reached * piety under Vehumet
  2689 | D:4      | Offered knowledge of Magic Dart by Vehumet.
  2782 | D:4      | Noticed Ijyb
  2787 | D:4      | Killed Ijyb
  2787 | D:4      | Reached XP level 6. HP: 32/32 MP: 9/15
  3096 | D:4      | Noticed Menkaure
  3109 | D:4      | Killed Menkaure
  3109 | D:4      | Reached skill level 5 in Conjurations
  3109 | D:4      | Reached skill level 5 in Fire Magic
  3230 | D:4      | Noticed Blork the orc
  3240 | D:4      | Killed Blork the orc
  3240 | D:4      | Reached XP level 7. HP: 36/36 MP: 9/17
  3356 | D:4      | Found a staircase to the Ecumenical Temple.
  3436 | D:5      | Entered Level 5 of the Dungeon
  3491 | D:5      | Noticed Sigmund
  3497 | D:5      | Killed Sigmund
  3497 | D:5      | Reached skill level 6 in Spellcasting
  3602 | D:5      | Reached skill level 7 in Spellcasting
  3732 | D:5      | Reached skill level 8 in Spellcasting
  3732 | D:5      | Reached XP level 8. HP: 31/41 MP: 17/22
  3945 | D:5      | You fall into a shaft and drop 1 floor!
  3967 | D:6      | Killed from afar by an orc priest

Illustrated notes

Levels and vault maps discovered:
D:1:      dpeg_arrival_rhombus, layout_basic
D:2:      layout_rooms, regret_index_temple_of_mockery
D:3:      layout_rooms, vehumet_crystals, nemelex_spade_bored_becter
D:4:      layout_cave_pools, minmay_temple_entry_fiery, uniq_menkaure,
          uniq_blork_the_orc, uniq_ijyb
D:5:      layout_basic, eat_drink_and_be_merry_uskayaw, first_ration,
          uniq_sigmund
D:6:      mumra_celtic_spiral_tile, layout_loops_ring,
          fedhas_bush_and_centaur_altar

Skill      XL: |  1  2  3  4  5  6  7 |
---------------+----------------------+-----
Conjurations   | 2 3 4 5 6 |  6.3
Fire Magic     | 4 5 |  5.7
Spellcasting   | 4 5 8 |  8.3
Stealth        | 3 |  3.2
Fighting       | |  0.2
Short Blades   | |  0.2
Dodging        | |  2.4

Action                   |  1- 3 |  4- 6 |  7- 9 || total
-------------------------+-------+-------+-------++-------
Melee: Unarmed           |    14 |       |       ||    14
       Dagger            |       |     3 |       ||     3
 Cast: Foxfire           |    80 |   101 |    63 ||   244
  Use: Potion            |       |       |     1 ||     1
 Stab: Sleeping          |     1 |       |       ||     1
  Eat: Chunk             |     2 |     5 |     2 ||     9
Armor: Robe              |     5 |     4 |       ||     9
Dodge: Dodged            |    24 |    17 |     3 ||    44
